TOP OF THE 1ST |
Santa Barbara Golden Cranes batting - Pitching for Tortolita Drummers : RHP Tim Nelson
|
Pitching: RHP Tim Nelson
|
|
Batting: RHB Kyle Dempsey
|
0-0: Ball 1-0: Ball 2-0: Ball 3-0: Called Strike 3-1: Swinging Strike 3-2: Strikes out swinging
|
Batting: RHB Jesús Murillo
|
0-0: Ball 1-0: Ball 2-0: Foul Ball, location: 2F 2-1: Ground out 5-3 (Groundball, 5L)
|
Batting: RHB Tom Baker
|
0-0: Ball 1-0: Foul Ball, location: 2F 1-1: SINGLE (Groundball, 4MD)
|
Batting: LHB Marvin von Seydlitz
|
0-0: Swinging Strike 0-1: Ball 1-1: SINGLE (Line Drive, 9S) Tom Baker to second
|
Batting: RHB San-gui Liang
|
0-0: Ball 1-0: Ball 2-0: Foul Ball, location: 2F 2-1: SINGLE (Line Drive, 3D) Tom Baker to third Marvin von Seydlitz to second Runner from 3rd tries for Home, SAFE, no throw or cutoff
|
Batting: RHB Mal Phillips
|
0-0: Called Strike 0-1: Ball 1-1: Ball 2-1: Swinging Strike 2-2: Ball 3-2: Strikes out swinging
|
Top of the 1st over - 1 run(s), 3 hit(s), 0 error(s), 2 left on base; Santa Barbara 1 - Tortolita 0 |
BOTTOM OF THE 1ST |
Tortolita Drummers batting - Pitching for Santa Barbara Golden Cranes : RHP Albert Braun
|
Pitching: RHP Albert Braun
|
|
Batting: RHB Ron Humboldt
|
0-0: Ball 1-0: Ball 2-0: SINGLE (Groundball, 6MD)
|
Batting: RHB Jim Harris
|
0-0: Called Strike 0-1: Called Strike 0-2: Ball 1-2: Ball 2-2: Ball 3-2: Base on Balls Ron Humboldt to second
|
Batting: RHB Richard Ollivier
|
0-0: Swinging Strike 0-1: Called Strike 0-2: Ball 1-2: Strikes out swinging
|
Batting: RHB Robert Bailey
|
0-0: Ball 1-0: Swinging Strike 1-1: Foul Ball, location: 2F 1-2: Foul Ball, location: 2F 1-2: Strikes out swinging
|
Batting: LHB Keith Spear
|
0-0: Foul Ball, location: 2F 0-1: Foul Ball, location: 2F 0-2: Ball 1-2: SINGLE (Groundball, 13) (infield hit) Ron Humboldt to third Jim Harris to second
|
Batting: RHB Lonnie Conrad
|
0-0: Ball 1-0: Swinging Strike 1-1: Ball 2-1: Ball 3-1: Foul Ball, location: 2F 3-2: Foul Ball, location: 2F 3-2: Foul Ball, location: 2F 3-2: Fly out, F8 (Flyball, 8RM)
|
Bottom of the 1st over - 0 run(s), 2 hit(s), 0 error(s), 3 left on base; Santa Barbara 1 - Tortolita 0 |
TOP OF THE 2ND |
Santa Barbara Golden Cranes batting - Pitching for Tortolita Drummers : RHP Tim Nelson
|
Batting: RHB Ricardo Pérez
|
0-0: Ball 1-0: Ball 2-0: Ball 3-0: Called Strike 3-1: Swinging Strike 3-2: Foul Ball, location: 2F 3-2: Fly out, F8 (Flyball, 8LS)
|
Batting: RHB Juan Jose Díaz
|
0-0: Ball 1-0: Ball 2-0: Foul Ball, location: 2F 2-1: Ball 3-1: Base on Balls
|
Batting: RHB Tim Wilson
|
0-0: Ball 1-0: Foul Ball, location: 2F 1-1: Fly out, F9 (Line Drive, 9D)
|
Batting: RHB Kyle Dempsey
|
0-0: Ground out 5-3 (Groundball, 5S)
|
Top of the 2nd over - 0 run(s), 0 hit(s), 0 error(s), 1 left on base; Santa Barbara 1 - Tortolita 0 |
BOTTOM OF THE 2ND |
Tortolita Drummers batting - Pitching for Santa Barbara Golden Cranes : RHP Albert Braun
|
Batting: LHB Pat McJannett
|
0-0: Called Strike 0-1: Foul Ball, location: 2F 0-2: Ball 1-2: Ball 2-2: Foul Ball, location: 2F 2-2: Ball 3-2: Ground out 4-3 (Groundball, 13)
|
Batting: RHB Dan Lewis
|
0-0: Called Strike 0-1: Ball 1-1: Called Strike 1-2: Ball 2-2: Strikes out swinging
|
Batting: RHB Ray Whittier
|
0-0: SINGLE (Line Drive, 7S)
|
Batting: RHB Ron Humboldt
|
0-0: Fly out, F8 (Flyball, 8LS)
|
Bottom of the 2nd over - 0 run(s), 1 hit(s), 0 error(s), 1 left on base; Santa Barbara 1 - Tortolita 0 |
TOP OF THE 3RD |
Santa Barbara Golden Cranes batting - Pitching for Tortolita Drummers : RHP Tim Nelson
|
Batting: RHB Jesús Murillo
|
0-0: Bunt for hit - play at first, batter OUT! 1-3
|
Batting: RHB Tom Baker
|
0-0: Called Strike 0-1: Foul Ball, location: 2F 0-2: Strikes out swinging
|
Batting: LHB Marvin von Seydlitz
|
0-0: Called Strike 0-1: Ball 1-1: Foul Ball, location: 2F 1-2: Fly out, F8 (Flyball, 8RM)
|
Top of the 3rd over - 0 run(s), 0 hit(s), 0 error(s), 0 left on base; Santa Barbara 1 - Tortolita 0 |
BOTTOM OF THE 3RD |
Tortolita Drummers batting - Pitching for Santa Barbara Golden Cranes : RHP Albert Braun
|
Batting: RHB Jim Harris
|
0-0: Called Strike 0-1: Swinging Strike 0-2: Ball 1-2: Strikes out swinging
|
Batting: RHB Richard Ollivier
|
0-0: Ball 1-0: Ball 2-0: Ball 3-0: Foul Ball, location: 2F 3-1: Base on Balls
|
Batting: RHB Robert Bailey
|
0-0: Called Strike 0-1: Foul Ball, location: 2F 0-2: Ball 1-2: Ball 2-2: Ball 3-2: Base on Balls Richard Ollivier to second
|
Batting: LHB Keith Spear
|
0-0: Ball 1-0: Foul Ball, location: 2F 1-1: Foul Ball, location: 2F 1-2: Ball 2-2: SINGLE (Groundball, 5S) (infield hit) Richard Ollivier to third Robert Bailey to second
|
Batting: RHB Lonnie Conrad
|
0-0: Ball 1-0: Called Strike 1-1: Fielders Choice at 2nd, 6-4 (Groundball, 6M) Richard Ollivier scores Robert Bailey to third
|
Batting: LHB Pat McJannett
|
0-0: Ball 1-0: Ball 2-0: Ball 3-0: Base on Balls Lonnie Conrad to second
|
Batting: RHB Dan Lewis
|
0-0: Foul Ball, location: 2F 0-1: Fly out, F4 (Popup, 34D)
|
Bottom of the 3rd over - 1 run(s), 1 hit(s), 0 error(s), 3 left on base; Santa Barbara 1 - Tortolita 1 |
TOP OF THE 4TH |
Santa Barbara Golden Cranes batting - Pitching for Tortolita Drummers : RHP Tim Nelson
|
Batting: RHB San-gui Liang
|
0-0: Ball 1-0: Ground out 6-3 (Groundball, 6)
|
Batting: RHB Mal Phillips
|
0-0: Ball 1-0: Ball 2-0: Ball 3-0: Called Strike 3-1: Foul Ball, location: 2F 3-2: Ground out 4-3 (Groundball, 4M)
|
Batting: RHB Ricardo Pérez
|
0-0: Called Strike 0-1: Swinging Strike 0-2: Foul Ball, location: 2F 0-2: Ball 1-2: Foul Ball, location: 2F 1-2: Ball 2-2: Foul Ball, location: 2F 2-2: Ball 3-2: Fly out, F9 (Flyball, 9LM)
|
Top of the 4th over - 0 run(s), 0 hit(s), 0 error(s), 0 left on base; Santa Barbara 1 - Tortolita 1 |
BOTTOM OF THE 4TH |
Tortolita Drummers batting - Pitching for Santa Barbara Golden Cranes : RHP Albert Braun
|
Batting: RHB Ray Whittier
|
0-0: Ball 1-0: Ball 2-0: Ball 3-0: Base on Balls
|
Batting: RHB Ron Humboldt
|
0-0: Foul Ball, location: 2F 0-1: Called Strike 0-2: Fielders Choice at 2nd, 5-4 (Groundball, 56)
|
Batting: RHB Jim Harris
|
0-0: Ball 1-0: Ball Wild Pitch! Ron Humboldt to second 2-0: Foul Ball, location: 2F 2-1: Foul Ball, location: 2F 2-2: Fly out, F8 (Flyball, 8RD) Runner from 2nd tags up, SAFE at 3rd, no throw
|
Batting: RHB Richard Ollivier
|
0-0: Called Strike 0-1: Called Strike 0-2: Fly out, F7 (Flyball, 78S)
|
Bottom of the 4th over - 0 run(s), 0 hit(s), 0 error(s), 1 left on base; Santa Barbara 1 - Tortolita 1 |
TOP OF THE 5TH |
Santa Barbara Golden Cranes batting - Pitching for Tortolita Drummers : RHP Tim Nelson
|
Batting: RHB Juan Jose Díaz
|
0-0: Ball 1-0: Hit by Pitch
|
Batting: RHB Tim Wilson
|
0-0: Ball 1-0: Ball 2-0: Bunt missed! 2-1: Sac Bunt - play at first, batter OUT! 1-4 Juan Jose Díaz to second
|
Batting: RHB Kyle Dempsey
|
0-0: Called Strike 0-1: Foul Ball, location: 2F 0-2: Ball 1-2: Ball 2-2: Foul Ball, location: 2F 2-2: Ball 3-2: SINGLE (Groundball, 4M) Juan Jose Díaz to third Runner from 3rd tries for Home, throw and OUT! Kyle Dempsey to second
|
Batting: RHB Jesús Murillo
|
0-0: Called Strike 0-1: Called Strike 0-2: Ball 1-2: Strikes out swinging
|
Top of the 5th over - 0 run(s), 1 hit(s), 0 error(s), 1 left on base; Santa Barbara 1 - Tortolita 1 |
BOTTOM OF THE 5TH |
Tortolita Drummers batting - Pitching for Santa Barbara Golden Cranes : RHP Albert Braun
|
Batting: RHB Robert Bailey
|
0-0: Swinging Strike 0-1: Called Strike 0-2: Ball 1-2: Ball 2-2: Fly out, F9 (Popup, 4D)
|
Batting: LHB Keith Spear
|
0-0: Foul Ball, location: 2F 0-1: Ball 1-1: SINGLE (Line Drive, 6MD)
|
Batting: RHB Lonnie Conrad
|
0-0: Foul Ball, location: 2F 0-1: Foul Ball, location: 2F 0-2: Ball 1-2: Strikes out swinging
|
Batting: LHB Pat McJannett
|
0-0: Ball 1-0: Called Strike 1-1: Ball 2-1: Ball 3-1: Foul Ball, location: 2F 3-2: DOUBLE (Flyball, 7LD) Keith Spear to third Keith Spear scores
|
Batting: RHB Dan Lewis
|
0-0: Fly out, F9 (Line Drive, 9M)
|
Bottom of the 5th over - 1 run(s), 2 hit(s), 0 error(s), 1 left on base; Santa Barbara 1 - Tortolita 2 |
TOP OF THE 6TH |
Santa Barbara Golden Cranes batting - Pitching for Tortolita Drummers : RHP Tim Nelson
|
Batting: RHB Tom Baker
|
0-0: Called Strike 0-1: Swinging Strike 0-2: Ground out 6-3 (Groundball, 6S)
|
Batting: LHB Marvin von Seydlitz
|
0-0: Called Strike 0-1: Ball 1-1: Ball 2-1: Ground out 6-3 (Groundball, 6)
|
Batting: RHB San-gui Liang
|
0-0: Ball 1-0: SINGLE (Line Drive, 6M)
|
Batting: RHB Mal Phillips
|
0-0: Ball 1-0: Called Strike 1-1: Ball 2-1: Swinging Strike 2-2: Ball 3-2: Base on Balls San-gui Liang to second
|
Batting: RHB Ricardo Pérez
|
0-0: Called Strike 0-1: Foul Ball, location: 2F 0-2: Strikes out looking
|
Top of the 6th over - 0 run(s), 1 hit(s), 0 error(s), 2 left on base; Santa Barbara 1 - Tortolita 2 |
BOTTOM OF THE 6TH |
Tortolita Drummers batting - Pitching for Santa Barbara Golden Cranes : RHP Albert Braun
|
Batting: RHB Ray Whittier
|
0-0: Swinging Strike 0-1: Ball 1-1: Ground out 5-3 (Groundball, 56)
|
Batting: RHB Ron Humboldt
|
0-0: Ball 1-0: SINGLE (Line Drive, 78S)
|
Batting: RHB Jim Harris
|
0-0: Called Strike 0-1: Ball Ron Humboldt is caught stealing 2nd base 1-1: SINGLE (Groundball, 4MD) (infield hit)
|
Batting: RHB Richard Ollivier
|
0-0: Ball 1-0: Ground out 5-3 (Groundball, 5S)
|
Bottom of the 6th over - 0 run(s), 2 hit(s), 0 error(s), 1 left on base; Santa Barbara 1 - Tortolita 2 |
TOP OF THE 7TH |
Santa Barbara Golden Cranes batting - Pitching for Tortolita Drummers : RHP Tim Nelson
|
Batting: RHB Juan Jose Díaz
|
0-0: Ball 1-0: Foul Ball, location: 2F 1-1: Called Strike 1-2: Foul Ball, location: 2F 1-2: Ball 2-2: Foul Ball, location: 2F 2-2: Foul Ball, location: 2F 2-2: Fly out, F6 (Popup, 6D)
|
Batting: RHB Tim Wilson
|
0-0: Called Strike 0-1: Swinging Strike 0-2: Strikes out looking
|
Batting: RHB Kyle Dempsey
|
0-0: Ground out 6-3 (Groundball, 6)
|
Top of the 7th over - 0 run(s), 0 hit(s), 0 error(s), 0 left on base; Santa Barbara 1 - Tortolita 2 |
BOTTOM OF THE 7TH |
Tortolita Drummers batting - Pitching for Santa Barbara Golden Cranes : RHP Albert Braun
|
Batting: RHB Robert Bailey
|
0-0: Ball 1-0: Called Strike 1-1: Foul Ball, location: 2F 1-2: Foul Ball, location: 2F 1-2: Strikes out swinging
|
Batting: LHB Keith Spear
|
0-0: Swinging Strike 0-1: Called Strike 0-2: SOLO HOME RUN (Line Drive, 9LD), Distance : 362 ft
|
Batting: RHB Lonnie Conrad
|
0-0: Ball 1-0: Foul Ball, location: 2F 1-1: Ball 2-1: Swinging Strike 2-2: Ball 3-2: Ground out 4-3 (Groundball, 4)
|
Batting: LHB Pat McJannett
|
0-0: Ball 1-0: Ball 2-0: Called Strike 2-1: Foul Ball, location: 2F 2-2: Ground out 5-3 (Groundball, 5L)
|
Bottom of the 7th over - 1 run(s), 1 hit(s), 0 error(s), 0 left on base; Santa Barbara 1 - Tortolita 3 |
TOP OF THE 8TH |
Santa Barbara Golden Cranes batting - Pitching for Tortolita Drummers : RHP Tim Nelson
|
Batting: RHB Jesús Murillo
|
0-0: Called Strike 0-1: Ball 1-1: Ball 2-1: Called Strike 2-2: Ball 3-2: Base on Balls
|
Batting: RHB Tom Baker
|
0-0: Called Strike 0-1: Fly out, F3 (Popup, 3DF)
|
Batting: LHB Marvin von Seydlitz
|
Error on foul ball, E5 0-1: Called Strike 0-2: Foul Ball, location: 2F 0-2: Ball 1-2: Fly out, F8 (Flyball, 78M)
|
Batting: RHB San-gui Liang
|
0-0: Ball 1-0: Ball 2-0: Called Strike 2-1: DOUBLE (Flyball, 8RXD) Jesús Murillo to third Runner from 3rd tries for Home, SAFE, no throw or cutoff
|
Pitching: RHP Theodore Schmidt
|
|
Batting: RHB Mal Phillips
|
0-0: Called Strike 0-1: Ball 1-1: Foul Ball, location: 2F 1-2: Ball 2-2: DOUBLE (Line Drive, 7LS) San-gui Liang scores
|
Pinch Hitting: RHB Carlos Rodríguez
|
0-0: Swinging Strike 0-1: Ground out 5-3 (Groundball, 5)
|
Top of the 8th over - 2 run(s), 2 hit(s), 1 error(s), 1 left on base; Santa Barbara 3 - Tortolita 3 |
BOTTOM OF THE 8TH |
Tortolita Drummers batting - Pitching for Santa Barbara Golden Cranes : RHP Albert Braun
|
Now in RF: Carlos Rodríguez
|
|
Pinch Hitting: LHB Jesse Taylor
|
0-0: Fly out, F9 (Flyball, 89M)
|
Pitching: RHP Chance Wiley
|
|
Batting: RHB Ray Whittier
|
0-0: Ball 1-0: Called Strike 1-1: Ball 2-1: Called Strike 2-2: Strikes out swinging
|
Pinch Hitting: LHB David Cross
|
0-0: Called Strike 0-1: Foul Ball, location: 2F 0-2: Ball 1-2: Ball 2-2: Foul Ball, location: 2F 2-2: DOUBLE (Line Drive, 8LM)
|
Batting: RHB Jim Harris
|
0-0: Ball 1-0: Fly out, F9 (Flyball, 9M)
|
Bottom of the 8th over - 0 run(s), 1 hit(s), 0 error(s), 1 left on base; Santa Barbara 3 - Tortolita 3 |
TOP OF THE 9TH |
Santa Barbara Golden Cranes batting - Pitching for Tortolita Drummers : RHP Theodore Schmidt
|
Pitching: LHP Jud Riggs
|
|
Now at 3B: Vernon Thomas
|
|
Now at SS: Hunter Curtis
|
|
Batting: RHB Juan Jose Díaz
|
0-0: Ball 1-0: Ball 2-0: Ball 3-0: Called Strike 3-1: Foul Ball, location: 2F 3-2: Base on Balls
|
Pinch Runner at 1st José Masaferro:
|
|
Batting: RHB Tim Wilson
|
0-0: Sac Bunt - play at first, batter OUT! 2-4 José Masaferro to second
|
Batting: RHB Kyle Dempsey
|
0-0: Intentional Walk
|
Pinch Hitting: RHB Pablo Lugo
|
0-0: DOUBLE (Line Drive, 78M) José Masaferro scores Kyle Dempsey to third
|
Batting: RHB Tom Baker
|
0-0: Intentional Walk
|
Pinch Hitting: RHB Seth Varela
|
0-0: Ball 1-0: Ball 2-0: Foul Ball, location: 2F 2-1: Ball 3-1: Base on Balls Kyle Dempsey scores Pablo Lugo to third Tom Baker to second
|
Batting: RHB San-gui Liang
|
0-0: Ball 1-0: Fly out, F4 (Popup, 4M)
|
Batting: RHB Mal Phillips
|
0-0: Ball 1-0: Ball 2-0: Fly out, F9 (Flyball, 89M)
|
Top of the 9th over - 2 run(s), 1 hit(s), 0 error(s), 3 left on base; Santa Barbara 5 - Tortolita 3 |
BOTTOM OF THE 9TH |
Tortolita Drummers batting - Pitching for Santa Barbara Golden Cranes : RHP Chance Wiley
|
Pitching: LHP Doug Robinson
|
|
Now at 2B: Pablo Lugo
|
|
Now in LF: Mark Dayment
|
|
Batting: RHB Richard Ollivier
|
0-0: Called Strike 0-1: Ball 1-1: Foul Ball, location: 2F 1-2: Foul Ball, location: 2F 1-2: Ball 2-2: Foul Ball, location: 2F 2-2: Foul Ball, location: 2F 2-2: Foul Ball, location: 2F 2-2: Ball 3-2: Fly out, F6 (Popup, 56D)
|
Batting: RHB Robert Bailey
|
0-0: Ball 1-0: Ground out 6-3 (Groundball, 6)
|
Batting: LHB Keith Spear
|
0-0: Called Strike 0-1: Ball 1-1: Ball 2-1: Foul Ball, location: 2F 2-2: Ball 3-2: Base on Balls
|
Batting: RHB Lonnie Conrad
|
0-0: Called Strike 0-1: Ball 1-1: Ball 2-1: Ball 3-1: Foul Ball, location: 2F 3-2: Foul Ball, location: 2F 3-2: Strikes out looking
|
Bottom of the 9th over - 0 run(s), 0 hit(s), 0 error(s), 1 left on base; Santa Barbara 5 - Tortolita 3 |
|